 Dungeon Crawl Stone Soup version 0.29-a0-550-g81e455f4c2 (webtiles) character file.

Game seed: 14795759134897881116

43 Lekart the Skirmisher (level 3, -5/33 HPs)
             Began as a Draconian Abyssal Knight on June 5, 2022.
             Was a Priest of Lugonu.
             Slain by Natasha (8 damage)
             ... on level 2 of the Dungeon.
             The game lasted 00:01:33 (1402 turns).

Lekart the Skirmisher (Draconian Abyssal Knight)    Turns: 1402, Time: 00:01:34

Health: -5/33      AC:  5    Str: 15    XL:     3   Next: 37%
Magic:  4/4        EV: 12    Int: 12    God:    Lugonu [***...]
Gold:   81         SH:  0    Dex: 13    Spells: 2/2 levels left

rFire   . . .      SeeInvis .   a - +1 hand axe
rCold   . . .      Faith    +   (no shield)
rNeg    . . .      Spirit   .   (body armour unavailable)
rPois   .          Reflect  .   (helmet restricted)
rElec   .          Harm     .   (no cloak)
rCorr   .          Rampage  .   (no gloves)
Will    .....                   (no boots)
Stlth   +.........              c - amulet of faith
HPRegen 0.00/turn               d - ring of wizardry
MPRegen 0.09/turn               (no ring)

@: inhibited regen
A: AC +5, unfitting armour, cold-blooded, clever 1, inhibited regeneration, wild
magic 1
a: Renounce Religion, Depart the Abyss, Bend Space, Banish


You were on level 2 of the Dungeon.
You worshipped Lugonu.
Lugonu was most pleased with you.
You visited 1 branch of the dungeon, and saw 2 of its levels.
You visited the Abyss 1 time.

You collected 81 gold pieces.

Inventory:

Hand Weapons
 a - a +1 hand axe (weapon)
Jewellery
 c - an amulet of faith (around neck)
 d - a ring of wizardry (left hand)
Scrolls
 b - 2 scrolls of acquirement {unknown}
 f - a scroll of blinking


   Skills:
 + Level 4.1 Fighting
 + Level 2.4 Axes
 + Level 2.4 Dodging
 * Level 2.4 Invocations


You had 2 spell levels left.
You didn't know any spells.
Your spell library contained the following spells:

 Spells                   Type           Power      Damage    Failure   Level
 Slow                     Hex            0%         N/A       17%         1
 Confusing Touch          Hex            0%         N/A       43%         3
 Vampiric Draining        Necr           0%         2d6       43%         3


Dungeon Overview and Level Annotations

Branches:
Dungeon (2/15)

Altars:

Annotations:
D:2 Natasha


Innate Abilities, Weirdness & Mutations

Your plain brown scales are hard. (AC +5)
You cannot fit into any form of body armour.
You are cold-blooded and may be slowed by cold attacks.
Your mind is acute. (Int +2)
You do not regenerate when monsters are visible.
Your spells are a little harder to cast, but a little more powerful.


Message History

The worm is almost dead.
The worm misses you.
You hit the worm.
You kill the worm!
Lugonu accepts your kill.
Found a book of Conjurations.
You see here a worm corpse.
Natasha, Servant of Life and Death comes into view.
Natasha hisses angrily.
You are too injured to fight recklessly!
You are too injured to fight recklessly!
Natasha wildly gestures.
You feel troubled. Natasha casts a spell at you. The magic dart hits you.
You see here a book of Conjurations.
Press: ? - help, Shift-Dir - straight line, f - Natasha
Aim: Natasha (chance to affect: 80%)
You fail to use your ability.
You hit Natasha but do no damage. Natasha misses you.
You hit Natasha. Your punch misses Natasha.
Natasha is moderately wounded.
Natasha misses you.
A rat comes into view.
You hit Natasha.
Natasha is severely wounded.
Natasha claws you.
* * * LOW HITPOINT WARNING * * *
You closely miss Natasha.
Natasha is severely wounded.
Natasha casts a spell.
Natasha claws you but does no damage.
You hit Natasha.
Natasha is almost dead.
Natasha claws you.
* * * LOW HITPOINT WARNING * * *
You hit Natasha but do no damage.
Natasha is almost dead.
Natasha claws you!
You die...

....##################...
.........................
#################..##.### #
#...#.# # # #.#.#.####.# #
#........... # ###.........
###################.†.......
...†............@h5.........
##################..........
..........#.# ####..r....# #
## .......... .#
##......(#.# .###
#.......#.# .+.# #.......#
.#.#


You could see Natasha, a white imp (summoned) and a rat.

Vanquished Creatures
  An adder (D:2)
  2 worms (D:2)
  A bat (D:1)
  3 endoplasms
  A giant cockroach (D:2)
  3 goblins (D:1)
  A hobgoblin (D:2)
  2 jackals (D:2)
  3 quokkas (D:1)
  3 ball pythons
  2 frilled lizards
  3 kobolds
  3 rats
28 creatures vanquished.

Notes
Turn   | Place    | Note
-------+----------+-------------------------------------------
     0 | Abyss:1  | Lekart the Draconian Abyssal Knight began the quest for the
                  | Orb.
     0 | Abyss:1  | Reached XP level 1. HP: 19/19 MP: 2/2
     8 | D:1      | Escaped the Abyss
    10 | D:1      | Noticed an electric eel
   414 | D:1      | Reached XP level 2. HP: 19/26 MP: 3/3
   794 | D:1      | Gained mutation: Your spells are a little harder to cast,
                  | but a little more powerful. [potion of mutation]
   794 | D:1      | Gained mutation: You do not regenerate when monsters are
                  | visible. [potion of mutation]
   794 | D:1      | Gained mutation: Your mind is acute. (Int +2) [potion of
                  | mutation]
  1063 | D:2      | Reached skill level 4 in Fighting
  1074 | D:2      | Reached XP level 3. HP: 33/33 MP: 4/4
  1378 | D:2      | Reached *** piety under Lugonu
  1391 | D:2      | Noticed Natasha
  1402 | D:2      | Slain by Natasha

Illustrated notes

Levels and vault maps discovered:
D:1:      arrival_aquarium_a, layout_rooms
D:2:      layout_basic, uniq_natasha

Skill      XL: |  1  2 |
---------------+-------+-----
Fighting       | 4 |  4.1
Axes           | |  2.4
Dodging        | |  2.4
Invocations    | |  2.4

Action                   || total
-------------------------++-------
Melee: Hand axe          ||    98
       Tailslap          ||    11
  Use: Scroll            ||     1
       Potion            ||     1
 Stab: Sleeping          ||     1
Armor: Skin              ||    26
Dodge: Dodged            ||    64

Table legend: (Time is in decaauts)
 A = Elapsed time spent in this place.
 B = Non-inter-level travel time spent in this place.
 C = Inter-level travel time spent in this place.
 D = Time resting spent in this place.
 E = Time spent auto-exploring this place.
 F = Levels seen in this place.
 G = Mean time per level.
                   A        B        C        D        E       F      G
               +--------+--------+--------+--------+--------+-----+--------+
         Total |   1422 |   1413 |      9 |      0 |   1176 |   3 |  474.0 |
       Dungeon |   1414 |   1405 |      9 |      0 |   1175 |   2 |  707.0 |
         Abyss |      8 |      8 |      0 |      0 |      1 |   1 |    8.0 |
               +--------+--------+--------+--------+--------+-----+--------+

Top non-repeatable levels by time:
     D:1: 805 daAuts
     D:2: 608 daAuts
 Abyss:1: 8 daAuts
